Avalanche vs Bruins
(R1)
Created - May 17, 2021 at 19:03
Goals
|
| Avalanche |
1 |
0 |
1 |
2 |
| Bruins |
1 |
0 |
3 |
4 |
|
Shots
|
| Avalanche |
14 |
10 |
12 |
36 |
| Bruins |
4 |
9 |
10 |
23 |
|
1st period
1. Bruins , Wojtek Wolski 1 (Casey Cizikas 1, Johnny Boychuk 1) at 1:15
2. Avalanche , Andrew Ladd 1 (Charlie Coyle 1, Marc Staal 1) at 13:34
Penalties :
Slava Voynov (Bos) for Holding (Minor) at 1:39, Luke Witkowski (Col) for Hooking (Minor) at 4:36, Slava Voynov (Bos) for Holding (Minor) at 7:10, Johnny Boychuk (Bos) for High sticking (Minor) at 15:23, Kevin Poulin (Bos) for Slashing (Minor) at 17:20 - Jonathan Toews served the penalty
2nd period
No Goal
Penalties :
Dan Hamhuis (Bos) for Hooking (Minor) at 0:39, Johnny Boychuk (Bos) for Hooking (Minor) at 4:07, Henrik Sedin (Bos) for Roughing (Minor) at 12:27, Colten Teubert (Col) for Boarding (Minor) at 13:25
3rd period
3. Bruins , Zack Kassian 1 (Wojtek Wolski 4, Henrik Sedin 1) at 6:07 (PP)
4. Bruins , Johnny Boychuk 2 (Dan Hamhuis 2, Henrik Sedin 2) at 8:08
5. Avalanche , Tomas Tatar 1 (Kyle Turris 1, Danny Richmond 1) at 19:32
6. Bruins , Brendan Smith 1 (Zack Kassian 3, Wojtek Wolski 5) at 19:58 (Empty Net)
Penalties :
James Van Riemsdyk (Col) for Hooking (Minor) at 2:52, Stefan Elliott (Col) for Hooking (Minor) at 5:32, Colten Teubert (Col) for Hooking (Minor) at 10:20, Danny Richmond (Col) for Hooking (Minor) at 15:39
Goalie Stats
Semyon Varlamov (Col), 19 saves from 22 shots - (0.864), L, 0-2-0, 59:38 minutes
Kevin Poulin (Bos), 34 saves from 36 shots - (0.944), W, 2-0-1, 60:00 minutes
Players Stats for Avalanche
Player Name G A P +/- PIM S H SB GA TA FO MP PP MP PK MP
------------------------------------------------------------------------------------
Andrew Ladd 1 0 1 1 0 3 3 0 0 0 1/1 12:25 0:00 3:24
Bryan Little 0 0 0 -2 0 0 2 0 0 0 15/25 19:28 7:09 0:00
Charlie Coyle 0 1 1 1 0 1 2 0 1 0 5/12 14:15 0:02 5:21
Colten Teubert 0 0 0 1 4 1 5 1 0 0 0/0 20:31 5:45 2:17
Danny Richmond 0 1 1 -1 2 0 0 0 0 0 0/0 11:06 0:00 1:02
Erik Karlsson 0 0 0 0 0 0 2 0 1 0 0/0 21:02 7:04 0:39
Evgeny Dadonov 0 0 0 0 0 2 0 1 0 0 0/1 15:03 5:41 0:00
Jack Johnson 0 0 0 -1 0 1 1 1 1 1 0/0 25:32 5:46 5:31
James Van Riemsdyk 0 0 0 0 2 2 0 0 0 0 1/2 16:20 5:41 1:15
Kyle Turris 0 1 1 0 0 1 0 0 1 0 1/3 8:55 0:00 2:45
Luke Witkowski 0 0 0 0 2 1 1 1 0 0 0/0 10:23 0:00 4:17
Marc Staal 0 1 1 0 0 4 2 4 0 0 0/0 27:27 7:04 5:31
Mikkel Boedker 0 0 0 -2 0 8 5 0 0 0 1/3 20:38 7:09 0:09
Patric Hornqvist 0 0 0 -2 0 3 3 0 1 1 0/3 20:33 7:07 0:09
Paul Stastny 0 0 0 0 0 4 2 0 1 0 6/8 15:03 5:41 0:00
Peter Prucha 0 0 0 1 0 1 0 0 0 0 0/0 10:20 0:00 1:31
Stefan Elliott 0 0 0 -1 2 1 1 2 0 1 0/0 14:21 0:00 3:58
Tomas Tatar 1 0 1 0 0 3 0 0 0 0 0/0 6:02 0:00 0:07
Players Stats for Bruins
Player Name G A P +/- PIM S H SB GA TA FO MP PP MP PK MP
------------------------------------------------------------------------------------
Andrei Kostitsyn 0 0 0 0 0 1 2 0 0 1 0/1 16:30 4:32 0:56
Brendan Smith 1 0 1 1 0 4 1 0 1 1 0/0 27:28 4:55 7:07
Casey Cizikas 0 1 1 1 0 1 0 0 0 1 0/1 2:58 0:00 0:00
Dan Hamhuis 0 1 1 0 2 0 1 0 0 0 0/0 20:21 4:34 4:43
Henrik Sedin 0 2 2 1 2 1 0 0 0 0 10/22 21:17 4:46 4:33
Ian Cole 0 0 0 0 0 0 0 0 0 0 0/0 9:21 0:00 0:00
Jason Demers 0 0 0 1 0 1 1 2 1 0 0/0 29:21 4:55 7:07
Johnny Boychuk 1 1 2 0 4 1 2 2 0 0 0/0 19:37 4:34 4:09
Jonathan Toews 0 0 0 0 0 2 4 0 0 0 5/11 19:00 4:32 4:02
Kris Chucko 0 0 0 -1 0 2 0 1 0 0 0/0 10:58 0:00 0:00
Matt Read 0 0 0 -1 0 0 1 2 0 0 0/0 11:05 0:17 0:00
Mike Ribeiro 0 0 0 -1 0 1 1 1 1 1 4/8 11:50 0:35 0:00
Rene Bourque 0 0 0 1 0 0 0 0 0 0 1/1 6:26 0:00 2:14
Samuel Morin 0 0 0 0 0 0 0 0 0 0 0/0 2:17 0:00 0:24
Slava Voynov 0 0 0 0 4 0 1 0 0 1 0/0 12:01 0:00 2:11
Victor Oreskovich 0 0 0 0 0 2 1 0 0 0 2/2 14:44 4:32 0:00
Wojtek Wolski 1 2 3 2 0 3 1 1 0 0 5/10 26:17 4:33 6:59
Zack Kassian 1 1 2 1 0 4 1 2 0 1 1/2 24:30 4:40 6:53
3 Stars
1 - Wojtek Wolski (Bos)
2 - Zack Kassian (Bos)
3 - Kevin Poulin (Bos)
Power Play
Avalanche - 0 on 7 Attempt(s) - 0.00%
Bruins - 1 on 6 Attempt(s) - 16.67%
Penalty Kill
Avalanche - 5 on 6 Attempt(s) - 83.33%
- Score 0 goal in Penalty Kill
Bruins - 7 on 7 Attempt(s) - 100.00%
- Score 0 goal in Penalty Kill
Team Stat
Avalanche - Hits : 29 - Faceoff Wins : 30 - Blocked Shots : 10 - Penalty Minutes : 12
Bruins - Hits : 17 - Faceoff Wins : 28 - Blocked Shots : 11 - Penalty Minutes : 14
Official
Referees : Unknown
Linesman : Unknown
Game Notes
Brendan Smith has scored in a empty net!
Finance
Level 1 -- Attendance: 5257 (87.62%) -- Ticket Income $651,868
Level 2 -- Attendance: 4531 (90.62%) -- Ticket Income $339,825
Level 3 -- Attendance: 2000 (100.00%) -- Ticket Income $88,000
Level 4 -- Attendance: 4000 (100.00%) -- Ticket Income $116,000
Luxury Box -- Attendance: 855 (85.50%) -- Ticket Income $187,245
Game was played at the TD Banknorth Garden.
Total Attendance: 16643 (92.46%)
Total Ticket Income: $1,382,938
Other Income: $207,441
Total Income: $1,590,379
Avalanche
5 vs 5 Forward
Center Left Wing Right Wing Time % Phy DF OF
1 Bryan Little Mikkel Boedker Patric Hornqvist 35 1 2 2
2 Paul Stastny James Van Riemsdyk Evgeny Dadonov 30 1 2 2
3 Charlie Coyle Andrew Ladd Peter Prucha 25 1 2 2
4 Kyle Turris Tomas Tatar Luke Witkowski 10 1 2 2
5 vs 5 Defense
Defense Defense Time % Phy DF OF
1 Jack Johnson Marc Staal 40 1 2 2
2 Erik Karlsson Colten Teubert 35 1 2 2
3 Stefan Elliott Danny Richmond 25 1 2 2
4 Jack Johnson Marc Staal 0 1 2 2
PowerPlay Forward
Center Left Wing Right Wing Time % Phy DF OF
1 Bryan Little Mikkel Boedker Patric Hornqvist 60 1 2 2
2 Paul Stastny James Van Riemsdyk Evgeny Dadonov 40 1 2 2
PowerPlay Defense
Defense Defense Time % Phy DF OF
1 Erik Karlsson Marc Staal 60 1 2 2
2 Jack Johnson Colten Teubert 40 1 2 2
Penalty Kill 4 Players Forward
Center Wing Time % Phy DF OF
1 Charlie Coyle Luke Witkowski 60 1 2 2
2 Kyle Turris Andrew Ladd 40 1 2 2
Penalty Kill 4 Players Defense
Defense Defense Time % Phy DF OF
1 Jack Johnson Marc Staal 60 1 2 2
2 Stefan Elliott Colten Teubert 40 1 2 2
Penalty Kill - 3 Players Forward
Forward Time % Phy DF OF
1 Mikkel Boedker 60 1 2 2
2 Patric Hornqvist 40 1 2 2
Penalty Kill - 3 Players Defense
Defense Defense Time % Phy DF OF
1 Jack Johnson Marc Staal 60 1 2 2
2 Erik Karlsson Colten Teubert 40 1 2 2
4 vs 4 Forward
Center Wing Time % Phy DF OF
1 Mikkel Boedker Patric Hornqvist 60 1 2 2
2 Bryan Little Paul Stastny 40 1 2 2
4 vs 4 Defense
Defense Defense Time % Phy DF OF
1 Jack Johnson Marc Staal 60 1 2 2
2 Erik Karlsson Colten Teubert 40 1 2 2
Last Minutes Offensive
Center Left Wing Right Wing Defense Defense
Bryan Little Mikkel Boedker Patric Hornqvist Jack Johnson Erik Karlsson
Last Minutes Defensive
Center Left Wing Right Wing Defense Defense
Bryan Little Mikkel Boedker Patric Hornqvist Jack Johnson Marc Staal
Goaltenders
Starting : Semyon Varlamov
Backup : Cam Ward
Extra Forwards
Normal : Charlie Coyle, Andrew Ladd, Peter Prucha - PP : Charlie Coyle, Andrew Ladd - PK : Peter Prucha
Extra Defensemen
Normal : Colten Teubert, Danny Richmond, Erik Karlsson - PP : Stefan Elliott - PK : Danny Richmond, Erik Karlsson
Penalty Shots
Mikkel Boedker, Patric Hornqvist, Bryan Little, Paul Stastny, Evgeny Dadonov
Scratches
Mattias Ekholm (Back Spasms Injury)
Bruins
5 vs 5 Forward
Center Left Wing Right Wing Time % Phy DF OF
1 Henrik Sedin Wojtek Wolski Zack Kassian 40 1 2 2
2 Jonathan Toews Andrei Kostitsyn Victor Oreskovich 30 1 2 2
3 Mike Ribeiro Kris Chucko Matt Read 20 1 2 2
4 Casey Cizikas Wojtek Wolski Rene Bourque 10 1 2 2
5 vs 5 Defense
Defense Defense Time % Phy DF OF
1 Jason Demers Brendan Smith 40 1 2 2
2 Johnny Boychuk Dan Hamhuis 30 1 2 2
3 Ian Cole Slava Voynov 20 1 2 2
4 Samuel Morin Jason Demers 10 1 2 2
PowerPlay Forward
Center Left Wing Right Wing Time % Phy DF OF
1 Henrik Sedin Wojtek Wolski Zack Kassian 60 1 2 2
2 Jonathan Toews Andrei Kostitsyn Victor Oreskovich 40 1 2 2
PowerPlay Defense
Defense Defense Time % Phy DF OF
1 Jason Demers Brendan Smith 60 1 2 2
2 Johnny Boychuk Dan Hamhuis 40 1 2 2
Penalty Kill 4 Players Forward
Center Wing Time % Phy DF OF
1 Wojtek Wolski Zack Kassian 60 1 2 2
2 Henrik Sedin Jonathan Toews 40 1 2 2
Penalty Kill 4 Players Defense
Defense Defense Time % Phy DF OF
1 Jason Demers Brendan Smith 60 1 2 2
2 Johnny Boychuk Dan Hamhuis 40 1 2 2
Penalty Kill - 3 Players Forward
Forward Time % Phy DF OF
1 Wojtek Wolski 60 1 2 2
2 Zack Kassian 40 1 2 2
Penalty Kill - 3 Players Defense
Defense Defense Time % Phy DF OF
1 Jason Demers Brendan Smith 60 1 2 2
2 Johnny Boychuk Dan Hamhuis 40 1 2 2
4 vs 4 Forward
Center Wing Time % Phy DF OF
1 Wojtek Wolski Zack Kassian 60 1 2 2
2 Henrik Sedin Jonathan Toews 40 1 2 2
4 vs 4 Defense
Defense Defense Time % Phy DF OF
1 Jason Demers Brendan Smith 60 1 2 2
2 Johnny Boychuk Dan Hamhuis 40 1 2 2
Last Minutes Offensive
Center Left Wing Right Wing Defense Defense
Henrik Sedin Wojtek Wolski Zack Kassian Jason Demers Brendan Smith
Last Minutes Defensive
Center Left Wing Right Wing Defense Defense
Henrik Sedin Wojtek Wolski Zack Kassian Jason Demers Brendan Smith
Goaltenders
Starting : Kevin Poulin
Backup : Josh Tordjman
Extra Forwards
Normal : Mike Ribeiro, Matt Read, Rene Bourque - PP : Mike Ribeiro, Matt Read - PK : Rene Bourque
Extra Defensemen
Normal : Ian Cole, Slava Voynov, Samuel Morin - PP : Ian Cole - PK : Slava Voynov, Samuel Morin
Penalty Shots
Wojtek Wolski, Zack Kassian, Henrik Sedin, Jonathan Toews, Victor Oreskovich
Scratches
Miikka Salomaki (Healthy), Scott Hartnell (Suspend)
% Time on Ice - Avalanche
Lines # - Real PCT - Wanted PCT - Time Play
Normal Forward
1 - 33% - 35% - 11:56
2 - 26% - 30% - 9:34
3 - 24% - 25% - 8:49
4 - 16% - 10% - 5:55
Normal Defense
1 - 40% - 40% - 14:24
2 - 34% - 35% - 12:19
3 - 26% - 25% - 9:31
4 - 0% - 0% - 0:00
PP Forward
1 - 56% - 60% - 7:09
2 - 44% - 40% - 5:41
PP Defense
1 - 55% - 60% - 7:04
2 - 45% - 40% - 5:46
PK Forward
1 - 79% - 60% - 7:28
2 - 21% - 40% - 2:01
PK Defense
1 - 58% - 60% - 5:31
2 - 42% - 40% - 3:58
PK3 Forward
1 - 0% - 60%
2 - 0% - 40%
PK3 Defense
1 - 0% - 60%
2 - 0% - 40%
44 Forward
1 - 100% - 60% - 1:01
2 - 0% - 40% - 0:00
44 Defense
1 - 70% - 60% - 0:43
2 - 30% - 40% - 0:18
Last Minute Offensive - 0:26
Last Minute Defensive - 0:00
Total
Forward - 60:00
Defense - 60:00
|
% Time on Ice - Bruins
Lines # - Real PCT - Wanted PCT - Time Play
Normal Forward
1 - 33% - 40% - 11:50
2 - 30% - 30% - 10:50
3 - 29% - 20% - 10:39
4 - 8% - 10% - 2:55
Normal Defense
1 - 39% - 40% - 13:59
2 - 30% - 30% - 11:01
3 - 26% - 20% - 9:21
4 - 5% - 10% - 1:53
PP Forward
1 - 52% - 60% - 4:57
2 - 48% - 40% - 4:32
PP Defense
1 - 52% - 60% - 4:55
2 - 48% - 40% - 4:34
PK Forward
1 - 62% - 60% - 7:56
2 - 38% - 40% - 4:52
PK Defense
1 - 55% - 60% - 7:05
2 - 45% - 40% - 5:43
PK3 Forward
1 - 100% - 60% - 0:02
2 - 0% - 40% - 0:00
PK3 Defense
1 - 100% - 60% - 0:02
2 - 0% - 40% - 0:00
44 Forward
1 - 100% - 60% - 1:01
2 - 0% - 40% - 0:00
44 Defense
1 - 100% - 60% - 1:01
2 - 0% - 40% - 0:00
Last Minute Offensive - 0:00
Last Minute Defensive - 0:26
Total
Forward - 60:00
Defense - 60:00
|
Play-by-Play
1st period
0:01 of 1st period - Bryan Little wins face-off versus Henrik Sedin in neutral zone.
0:27 of 1st period - Jonathan Toews is hit by Paul Stastny and loses puck.
0:48 of 1st period - Matt Read is hit by Andrew Ladd.
0:56 of 1st period - Dan Hamhuis is hit by Colten Teubert and loses puck.
1:13 of 1st period - Snap shot by Casey Cizikas.
1:13 of 1st period - Shot Blocked by Luke Witkowski.
1:15 of 1st period - Wrist shot by Wojtek Wolski.
1:15 of 1st period - Goal by Wojtek Wolski - Avalanche : 0 - Bruins : 1.
1:16 of 1st period - Bryan Little wins face-off versus Henrik Sedin in neutral zone.
1:39 of 1st period - Minor Penalty to Slava Voynov for Holding.
1:40 of 1st period - Wojtek Wolski wins face-off versus Bryan Little in Bruins zone.
1:40 of 1st period - Wojtek Wolski is hit by Patric Hornqvist.
2:06 of 1st period - Paul Stastny is hit by Jonathan Toews and loses puck.
3:25 of 1st period - Dan Hamhuis is hit by Colten Teubert and loses puck.
3:39 of 1st period - Penalty to Slava Voynov is over, Slava Voynov is back on ice.
3:56 of 1st period - Slapshot by Mike Ribeiro.
3:56 of 1st period - Shot Misses the Net.
4:08 of 1st period - Charlie Coyle is hit by Jonathan Toews.
4:36 of 1st period - Minor Penalty to Luke Witkowski for Hooking.
4:37 of 1st period - Charlie Coyle wins face-off versus Henrik Sedin in Avalanche zone.
6:31 of 1st period - Jack Johnson is hit by Johnny Boychuk and loses puck.
6:36 of 1st period - Penalty to Luke Witkowski is over, Luke Witkowski is back on ice.
7:10 of 1st period - Minor Penalty to Slava Voynov for Holding.
7:11 of 1st period - Bryan Little wins face-off versus Wojtek Wolski in Bruins zone.
7:12 of 1st period - Snap shot by Mikkel Boedker.
7:12 of 1st period - Stopped by Kevin Poulin with a rebound.
7:14 of 1st period - Snap shot by Marc Staal.
7:14 of 1st period - Deflect By Zack Kassian.
7:14 of 1st period - Stopped by Kevin Poulin with a rebound.
7:16 of 1st period - Snap shot by Mikkel Boedker.
7:16 of 1st period - Stopped by Kevin Poulin without a rebound.
7:17 of 1st period - Bryan Little wins face-off versus Wojtek Wolski in Bruins zone.
7:18 of 1st period - Snap shot by Mikkel Boedker.
7:18 of 1st period - Shot Blocked by Jason Demers.
7:20 of 1st period - Snap shot by Marc Staal.
7:20 of 1st period - Stopped by Kevin Poulin with a rebound.
9:10 of 1st period - Penalty to Slava Voynov is over, Slava Voynov is back on ice.
9:35 of 1st period - Andrew Ladd is hit by Victor Oreskovich and loses puck.
9:48 of 1st period - Jason Demers is hit by Marc Staal and loses puck.
10:19 of 1st period - Slapshot by Jonathan Toews.
10:19 of 1st period - Stopped by Semyon Varlamov with a rebound.
10:23 of 1st period - Snap shot by Jonathan Toews.
10:23 of 1st period - Shot Misses the Net.
11:11 of 1st period - Off-side.
11:12 of 1st period - Bryan Little wins face-off versus Jonathan Toews in neutral zone.
11:19 of 1st period - Andrei Kostitsyn is hit by Colten Teubert and loses puck.
11:24 of 1st period - Slapshot by Patric Hornqvist.
11:24 of 1st period - Stopped by Kevin Poulin with a rebound.
12:14 of 1st period - Off-side.
12:15 of 1st period - Jonathan Toews wins face-off versus Kyle Turris in neutral zone.
12:25 of 1st period - Slapshot by Erik Karlsson.
12:25 of 1st period - Deflect By Luke Witkowski.
12:25 of 1st period - Shot Misses the Net.
12:25 of 1st period - Puck is out of play.
12:26 of 1st period - Henrik Sedin wins face-off versus Bryan Little in Bruins zone.
12:26 of 1st period - Henrik Sedin is hit by Mikkel Boedker.
13:20 of 1st period - Wrist shot by Charlie Coyle.
13:20 of 1st period - Deflect By Peter Prucha.
13:20 of 1st period - Stopped by Kevin Poulin without a rebound.
13:21 of 1st period - Charlie Coyle wins face-off versus Mike Ribeiro in Bruins zone.
13:24 of 1st period - Snap shot by Charlie Coyle.
13:24 of 1st period - Stopped by Kevin Poulin with a rebound.
13:26 of 1st period - Slapshot by Marc Staal.
13:26 of 1st period - Stopped by Kevin Poulin with a rebound.
13:30 of 1st period - Snap shot by Charlie Coyle.
13:30 of 1st period - Shot Blocked by Matt Read.
13:32 of 1st period - Snap shot by Charlie Coyle.
13:32 of 1st period - Shot Blocked by Matt Read.
13:34 of 1st period - Wrist shot by Andrew Ladd.
13:34 of 1st period - Goal by Andrew Ladd - Avalanche : 1 - Bruins : 1.
13:35 of 1st period - Henrik Sedin wins face-off versus Bryan Little in neutral zone.
13:38 of 1st period - Snap shot by Zack Kassian.
13:38 of 1st period - Shot Misses the Net.
14:02 of 1st period - Brendan Smith is hit by Paul Stastny and loses puck.
14:22 of 1st period - Off-side.
14:23 of 1st period - Mike Ribeiro wins face-off versus Kyle Turris in neutral zone.
14:28 of 1st period - Slapshot by Brendan Smith.
14:28 of 1st period - Stopped by Semyon Varlamov with a rebound.
14:36 of 1st period - Slapshot by Kris Chucko.
14:36 of 1st period - Shot Blocked by Marc Staal.
15:10 of 1st period - Snap shot by Charlie Coyle.
15:10 of 1st period - Shot Blocked by Wojtek Wolski.
15:12 of 1st period - Snap shot by Peter Prucha.
15:12 of 1st period - Shot Blocked by Jason Demers.
15:14 of 1st period - Slapshot by Colten Teubert.
15:14 of 1st period - Stopped by Kevin Poulin without a rebound.
15:15 of 1st period - Andrew Ladd wins face-off versus Jonathan Toews in Bruins zone.
15:23 of 1st period - Minor Penalty to Johnny Boychuk for High sticking.
15:24 of 1st period - Bryan Little wins face-off versus Zack Kassian in Bruins zone.
15:24 of 1st period - Snap shot by Mikkel Boedker.
15:24 of 1st period - Stopped by Kevin Poulin without a rebound.
15:25 of 1st period - Wojtek Wolski wins face-off versus Patric Hornqvist in Bruins zone.
15:53 of 1st period - Wrist shot by Erik Karlsson.
15:53 of 1st period - Deflect By Paul Stastny.
15:53 of 1st period - Stopped by Kevin Poulin with a rebound.
16:48 of 1st period - Icing by Mikkel Boedker.
16:49 of 1st period - Rene Bourque wins face-off versus Bryan Little in Avalanche zone.
17:20 of 1st period - Snap shot by James Van Riemsdyk.
17:20 of 1st period - Stopped by Kevin Poulin without a rebound.
17:20 of 1st period - Minor Penalty to Kevin Poulin for Slashing.
17:21 of 1st period - Wojtek Wolski wins face-off versus Paul Stastny in Bruins zone.
17:23 of 1st period - Penalty to Johnny Boychuk is over, Johnny Boychuk is back on ice.
18:07 of 1st period - Slapshot by Brendan Smith.
18:07 of 1st period - Stopped by Semyon Varlamov without a rebound.
18:08 of 1st period - Paul Stastny wins face-off versus Wojtek Wolski in Avalanche zone.
18:29 of 1st period - Henrik Sedin is hit by Bryan Little.
18:37 of 1st period - Slapshot by Patric Hornqvist.
18:37 of 1st period - Deflect By Mikkel Boedker.
18:37 of 1st period - Stopped by Kevin Poulin with a rebound.
19:20 of 1st period - Penalty to Jonathan Toews is over, Jonathan Toews is back on ice.
19:35 of 1st period - Icing by Ian Cole.
19:36 of 1st period - Mike Ribeiro wins face-off versus Charlie Coyle in Bruins zone.
Goals for this period are 1 for Avalanche vs 1 for Bruins.
Shots for this period are 14 for Avalanche vs 4 for Bruins.
2nd period
0:01 of 2nd period - Bryan Little wins face-off versus Henrik Sedin in neutral zone.
0:04 of 2nd period - Zack Kassian is hit by Mikkel Boedker and loses puck.
0:34 of 2nd period - Snap shot by Paul Stastny.
0:34 of 2nd period - Shot Misses the Net.
0:36 of 2nd period - Snap shot by Paul Stastny.
0:36 of 2nd period - Stopped by Kevin Poulin without a rebound.
0:37 of 2nd period - Henrik Sedin wins face-off versus Evgeny Dadonov in Bruins zone.
0:39 of 2nd period - Minor Penalty to Dan Hamhuis for Hooking.
0:40 of 2nd period - Wojtek Wolski wins face-off versus Bryan Little in Bruins zone.
0:50 of 2nd period - Zack Kassian is hit by Patric Hornqvist and loses puck.
2:39 of 2nd period - Penalty to Dan Hamhuis is over, Dan Hamhuis is back on ice.
2:48 of 2nd period - Matt Read is hit by Erik Karlsson and loses puck.
2:55 of 2nd period - Snap shot by Mike Ribeiro.
2:55 of 2nd period - Stopped by Semyon Varlamov with a rebound.
2:57 of 2nd period - Slapshot by Slava Voynov.
2:57 of 2nd period - Shot Misses the Net.
2:59 of 2nd period - Slapshot by Slava Voynov.
2:59 of 2nd period - Shot Blocked by Marc Staal.
3:11 of 2nd period - Snap shot by Victor Oreskovich.
3:11 of 2nd period - Deflect By Charlie Coyle.
3:11 of 2nd period - Shot Hit the Post.
3:11 of 2nd period - Puck is out of play.
3:12 of 2nd period - Jonathan Toews wins face-off versus Charlie Coyle in Avalanche zone.
3:13 of 2nd period - Snap shot by Andrei Kostitsyn.
3:13 of 2nd period - Stopped by Semyon Varlamov with a rebound.
3:15 of 2nd period - Wrist shot by Victor Oreskovich.
3:15 of 2nd period - Stopped by Semyon Varlamov with a rebound.
3:17 of 2nd period - Wrist shot by Jason Demers.
3:17 of 2nd period - Shot Blocked by Stefan Elliott.
3:19 of 2nd period - Snap shot by Andrei Kostitsyn.
3:19 of 2nd period - Shot Misses the Net.
3:21 of 2nd period - Slapshot by Victor Oreskovich.
3:21 of 2nd period - Stopped by Semyon Varlamov without a rebound.
3:22 of 2nd period - Henrik Sedin wins face-off versus Patric Hornqvist in Avalanche zone.
3:28 of 2nd period - Icing by Danny Richmond.
3:29 of 2nd period - Henrik Sedin wins face-off versus Bryan Little in Avalanche zone.
3:34 of 2nd period - Snap shot by Wojtek Wolski.
3:34 of 2nd period - Shot Blocked by Stefan Elliott.
3:48 of 2nd period - Henrik Sedin is hit by Stefan Elliott and loses puck.
3:55 of 2nd period - Wojtek Wolski is hit by Mikkel Boedker and loses puck.
4:04 of 2nd period - Snap shot by Mikkel Boedker.
4:04 of 2nd period - Stopped by Kevin Poulin without a rebound.
4:05 of 2nd period - Victor Oreskovich wins face-off versus James Van Riemsdyk in Bruins zone.
4:07 of 2nd period - Minor Penalty to Johnny Boychuk for Hooking.
4:08 of 2nd period - Wojtek Wolski wins face-off versus Bryan Little in Bruins zone.
4:18 of 2nd period - Snap shot by Patric Hornqvist.
4:18 of 2nd period - Shot Misses the Net.
4:20 of 2nd period - Slapshot by Erik Karlsson.
4:20 of 2nd period - Shot Blocked by Zack Kassian.
4:39 of 2nd period - Slapshot by Colten Teubert.
4:39 of 2nd period - Deflect By Evgeny Dadonov.
4:39 of 2nd period - Stopped by Kevin Poulin without a rebound.
4:40 of 2nd period - Bryan Little wins face-off versus Henrik Sedin in Bruins zone.
5:35 of 2nd period - Zack Kassian is hit by Mikkel Boedker and loses puck.
6:07 of 2nd period - Penalty to Johnny Boychuk is over, Johnny Boychuk is back on ice.
6:20 of 2nd period - Snap shot by Andrew Ladd.
6:20 of 2nd period - Stopped by Kevin Poulin with a rebound.
6:39 of 2nd period - Brendan Smith is hit by Luke Witkowski.
7:10 of 2nd period - Wojtek Wolski is hit by Bryan Little and loses puck.
8:13 of 2nd period - Paul Stastny is hit by Wojtek Wolski and loses puck.
9:09 of 2nd period - Ian Cole is hit by Patric Hornqvist and loses puck.
9:30 of 2nd period - Mike Ribeiro is hit by Andrew Ladd and loses puck.
9:45 of 2nd period - Jack Johnson is hit by Andrei Kostitsyn and loses puck.
10:46 of 2nd period - Victor Oreskovich is hit by Erik Karlsson.
11:00 of 2nd period - Wrist shot by Paul Stastny.
11:00 of 2nd period - Shot Blocked by Mike Ribeiro.
11:12 of 2nd period - Dan Hamhuis is hit by Charlie Coyle and loses puck.
11:45 of 2nd period - Wrist shot by Casey Cizikas.
11:45 of 2nd period - Stopped by Semyon Varlamov without a rebound.
11:46 of 2nd period - Paul Stastny wins face-off versus Jonathan Toews in Avalanche zone.
12:13 of 2nd period - Marc Staal is hit by Matt Read and loses puck.
12:27 of 2nd period - Minor Penalty to Henrik Sedin for Roughing.
12:28 of 2nd period - Bryan Little wins face-off versus Wojtek Wolski in Bruins zone.
12:28 of 2nd period - Wrist shot by Mikkel Boedker.
12:28 of 2nd period - Stopped by Kevin Poulin with a rebound.
13:25 of 2nd period - Minor Penalty to Colten Teubert for Boarding.
13:26 of 2nd period - Zack Kassian wins face-off versus Mikkel Boedker in Avalanche zone.
13:43 of 2nd period - Snap shot by Patric Hornqvist.
13:43 of 2nd period - Shot Misses the Net.
13:56 of 2nd period - Icing by Wojtek Wolski.
13:57 of 2nd period - Mikkel Boedker wins face-off versus Wojtek Wolski in Bruins zone.
14:27 of 2nd period - Penalty to Henrik Sedin is over, Henrik Sedin is back on ice.
14:35 of 2nd period - Wrist shot by Patric Hornqvist.
14:35 of 2nd period - Stopped by Kevin Poulin without a rebound.
14:36 of 2nd period - Jonathan Toews wins face-off versus Charlie Coyle in Bruins zone.
14:41 of 2nd period - Wrist shot by Andrei Kostitsyn.
14:41 of 2nd period - Shot Misses the Net.
15:25 of 2nd period - Penalty to Colten Teubert is over, Colten Teubert is back on ice.
15:31 of 2nd period - Paul Stastny is hit by Jason Demers and loses puck.
15:36 of 2nd period - Wrist shot by Kris Chucko.
15:36 of 2nd period - Stopped by Semyon Varlamov without a rebound.
15:37 of 2nd period - Paul Stastny wins face-off versus Mike Ribeiro in Avalanche zone.
15:37 of 2nd period - Paul Stastny is hit by Mike Ribeiro.
16:28 of 2nd period - Kyle Turris is hit by Zack Kassian and loses puck.
16:37 of 2nd period - Wrist shot by Wojtek Wolski.
16:37 of 2nd period - Stopped by Semyon Varlamov with a rebound.
16:49 of 2nd period - Snap shot by Paul Stastny.
16:49 of 2nd period - Shot Blocked by Kris Chucko.
16:51 of 2nd period - Snap shot by Paul Stastny.
16:51 of 2nd period - Stopped by Kevin Poulin without a rebound.
16:52 of 2nd period - Paul Stastny wins face-off versus Mike Ribeiro in Bruins zone.
16:53 of 2nd period - Wrist shot by Evgeny Dadonov.
16:53 of 2nd period - Stopped by Kevin Poulin without a rebound.
16:54 of 2nd period - Mike Ribeiro wins face-off versus Mikkel Boedker in Bruins zone.
17:01 of 2nd period - Slapshot by Slava Voynov.
17:01 of 2nd period - Shot Misses the Net.
17:20 of 2nd period - Off-side.
17:21 of 2nd period - Henrik Sedin wins face-off versus Charlie Coyle in neutral zone.
17:38 of 2nd period - Henrik Sedin is hit by Jack Johnson and loses puck.
17:56 of 2nd period - Off-side.
17:57 of 2nd period - Bryan Little wins face-off versus Jonathan Toews in neutral zone.
18:02 of 2nd period - Slapshot by Bryan Little.
18:02 of 2nd period - Shot Misses the Net.
18:04 of 2nd period - Wrist shot by Mikkel Boedker.
18:04 of 2nd period - Stopped by Kevin Poulin with a rebound.
18:24 of 2nd period - Slapshot by Wojtek Wolski.
18:24 of 2nd period - Shot Blocked by Colten Teubert.
18:26 of 2nd period - Wrist shot by Henrik Sedin.
18:26 of 2nd period - Stopped by Semyon Varlamov without a rebound.
18:27 of 2nd period - Paul Stastny wins face-off versus Henrik Sedin in Avalanche zone.
18:48 of 2nd period - Snap shot by Zack Kassian.
18:48 of 2nd period - Stopped by Semyon Varlamov with a rebound.
18:50 of 2nd period - Slapshot by Henrik Sedin.
18:50 of 2nd period - Shot Blocked by Evgeny Dadonov.
18:56 of 2nd period - Dan Hamhuis is hit by Marc Staal and loses puck.
19:07 of 2nd period - Slapshot by Evgeny Dadonov.
19:07 of 2nd period - Shot Hit the Post.
19:09 of 2nd period - Slapshot by Marc Staal.
19:09 of 2nd period - Shot Misses the Net.
19:11 of 2nd period - Slapshot by Jack Johnson.
19:11 of 2nd period - Shot Blocked by Zack Kassian.
19:13 of 2nd period - Snap shot by James Van Riemsdyk.
19:13 of 2nd period - Stopped by Kevin Poulin with a rebound.
19:15 of 2nd period - Wrist shot by Evgeny Dadonov.
19:15 of 2nd period - Deflect By Paul Stastny.
19:15 of 2nd period - Shot Blocked by Johnny Boychuk.
19:15 of 2nd period - Puck is out of play.
19:16 of 2nd period - Victor Oreskovich wins face-off versus Bryan Little in Bruins zone.
Goals for this period are 0 for Avalanche vs 0 for Bruins.
Shots for this period are 10 for Avalanche vs 9 for Bruins.
3rd period
0:01 of 3rd period - Bryan Little wins face-off versus Henrik Sedin in neutral zone.
0:38 of 3rd period - Snap shot by Paul Stastny.
0:38 of 3rd period - Shot Misses the Net.
1:33 of 3rd period - Slapshot by Mikkel Boedker.
1:33 of 3rd period - Shot Misses the Net.
2:48 of 3rd period - Snap shot by Jonathan Toews.
2:48 of 3rd period - Stopped by Semyon Varlamov without a rebound.
2:49 of 3rd period - Paul Stastny wins face-off versus Jonathan Toews in Avalanche zone.
2:49 of 3rd period - Paul Stastny is hit by Jonathan Toews.
2:52 of 3rd period - Minor Penalty to James Van Riemsdyk for Hooking.
2:53 of 3rd period - Henrik Sedin wins face-off versus Charlie Coyle in Avalanche zone.
2:55 of 3rd period - Snap shot by Wojtek Wolski.
2:55 of 3rd period - Shot Misses the Net.
4:21 of 3rd period - Off-side.
4:22 of 3rd period - Kyle Turris wins face-off versus Andrei Kostitsyn in neutral zone.
4:52 of 3rd period - Penalty to James Van Riemsdyk is over, James Van Riemsdyk is back on ice.
4:58 of 3rd period - Matt Read is hit by Colten Teubert and loses puck.
5:32 of 3rd period - Minor Penalty to Stefan Elliott for Hooking.
5:33 of 3rd period - Charlie Coyle wins face-off versus Jonathan Toews in Avalanche zone.
6:00 of 3rd period - Jack Johnson is hit by Dan Hamhuis and loses puck.
6:07 of 3rd period - Wrist shot by Zack Kassian.
6:07 of 3rd period - Goal by Zack Kassian - Avalanche : 1 - Bruins : 2.
6:08 of 3rd period - Bryan Little wins face-off versus Henrik Sedin in neutral zone.
6:40 of 3rd period - Wrist shot by Paul Stastny.
6:40 of 3rd period - Stopped by Kevin Poulin without a rebound.
6:41 of 3rd period - Jonathan Toews wins face-off versus Paul Stastny in Bruins zone.
7:27 of 3rd period - Slapshot by Charlie Coyle.
7:27 of 3rd period - Shot Misses the Net.
7:37 of 3rd period - Matt Read is hit by Colten Teubert and loses puck.
7:58 of 3rd period - Wrist shot by Luke Witkowski.
7:58 of 3rd period - Stopped by Kevin Poulin with a rebound.
8:00 of 3rd period - Slapshot by Marc Staal.
8:00 of 3rd period - Stopped by Kevin Poulin without a rebound.
8:01 of 3rd period - Henrik Sedin wins face-off versus Bryan Little in Bruins zone.
8:06 of 3rd period - Slapshot by Dan Hamhuis.
8:06 of 3rd period - Shot Blocked by Marc Staal.
8:08 of 3rd period - Slapshot by Johnny Boychuk.
8:08 of 3rd period - Deflect By Mikkel Boedker.
8:08 of 3rd period - Goal by Johnny Boychuk - Avalanche : 1 - Bruins : 3.
8:09 of 3rd period - Bryan Little wins face-off versus Henrik Sedin in neutral zone.
8:12 of 3rd period - Slapshot by Jack Johnson.
8:12 of 3rd period - Stopped by Kevin Poulin with a rebound.
8:36 of 3rd period - James Van Riemsdyk is hit by Brendan Smith and loses puck.
9:05 of 3rd period - Wrist shot by Andrew Ladd.
9:05 of 3rd period - Stopped by Kevin Poulin without a rebound.
9:06 of 3rd period - Bryan Little wins face-off versus Henrik Sedin in Bruins zone.
9:07 of 3rd period - Snap shot by Patric Hornqvist.
9:07 of 3rd period - Stopped by Kevin Poulin with a rebound.
9:54 of 3rd period - Slapshot by Kris Chucko.
9:54 of 3rd period - Stopped by Semyon Varlamov with a rebound.
10:00 of 3rd period - Ian Cole is hit by Charlie Coyle and loses puck.
10:20 of 3rd period - Minor Penalty to Colten Teubert for Hooking.
10:21 of 3rd period - Henrik Sedin wins face-off versus Charlie Coyle in Avalanche zone.
10:25 of 3rd period - Snap shot by Zack Kassian.
10:25 of 3rd period - Shot Blocked by Marc Staal.
10:27 of 3rd period - Backhand shot by Zack Kassian.
10:27 of 3rd period - Stopped by Semyon Varlamov with a rebound.
10:29 of 3rd period - Snap shot by Wojtek Wolski.
10:29 of 3rd period - Shot Misses the Net.
10:31 of 3rd period - Slapshot by Jason Demers.
10:31 of 3rd period - Stopped by Semyon Varlamov with a rebound.
10:33 of 3rd period - Slapshot by Jason Demers.
10:33 of 3rd period - Shot Misses the Net.
10:35 of 3rd period - Snap shot by Henrik Sedin.
10:35 of 3rd period - Deflect By Wojtek Wolski.
10:35 of 3rd period - Stopped by Semyon Varlamov with a rebound.
10:37 of 3rd period - Backhand shot by Brendan Smith.
10:37 of 3rd period - Stopped by Semyon Varlamov with a rebound.
10:59 of 3rd period - Dan Hamhuis is hit by Andrew Ladd and loses puck.
12:05 of 3rd period - Erik Karlsson is hit by Johnny Boychuk and loses puck.
12:20 of 3rd period - Penalty to Colten Teubert is over, Colten Teubert is back on ice.
12:30 of 3rd period - Dan Hamhuis is hit by Mikkel Boedker and loses puck.
12:38 of 3rd period - Icing by Mikkel Boedker.
12:39 of 3rd period - Mike Ribeiro wins face-off versus Bryan Little in Avalanche zone.
13:31 of 3rd period - Snap shot by Wojtek Wolski.
13:31 of 3rd period - Shot Hit the Post.
14:49 of 3rd period - Snap shot by Zack Kassian.
14:49 of 3rd period - Stopped by Semyon Varlamov without a rebound.
14:50 of 3rd period - Jonathan Toews wins face-off versus Patric Hornqvist in Avalanche zone.
15:36 of 3rd period - Icing by Slava Voynov.
15:37 of 3rd period - James Van Riemsdyk wins face-off versus Mike Ribeiro in Bruins zone.
15:39 of 3rd period - Minor Penalty to Danny Richmond for Hooking.
15:40 of 3rd period - Charlie Coyle wins face-off versus Henrik Sedin in Avalanche zone.
15:57 of 3rd period - Wrist shot by Charlie Coyle.
15:57 of 3rd period - Shot Misses the Net.
16:07 of 3rd period - Marc Staal is hit by Jonathan Toews and loses puck.
17:39 of 3rd period - Penalty to Danny Richmond is over, Danny Richmond is back on ice.
17:55 of 3rd period - Patric Hornqvist is hit by Slava Voynov and loses puck.
18:15 of 3rd period - Evgeny Dadonov is hit by Andrei Kostitsyn and loses puck.
19:04 of 3rd period - Snap shot by Tomas Tatar.
19:04 of 3rd period - Stopped by Kevin Poulin with a rebound.
19:06 of 3rd period - Wrist shot by Tomas Tatar.
19:06 of 3rd period - Shot Misses the Net.
19:08 of 3rd period - Wrist shot by Tomas Tatar.
19:08 of 3rd period - Stopped by Kevin Poulin without a rebound.
19:09 of 3rd period - Henrik Sedin wins face-off versus Charlie Coyle in Bruins zone.
19:20 of 3rd period - Snap shot by Kyle Turris.
19:20 of 3rd period - Shot Misses the Net.
19:22 of 3rd period - Slapshot by Danny Richmond.
19:22 of 3rd period - Shot Blocked by Johnny Boychuk.
19:24 of 3rd period - Slapshot by Danny Richmond.
19:24 of 3rd period - Shot Misses the Net.
19:26 of 3rd period - Slapshot by Stefan Elliott.
19:26 of 3rd period - Stopped by Kevin Poulin with a rebound.
19:28 of 3rd period - Slapshot by Danny Richmond.
19:28 of 3rd period - Shot Misses the Net.
19:30 of 3rd period - Snap shot by Kyle Turris.
19:30 of 3rd period - Stopped by Kevin Poulin with a rebound.
19:32 of 3rd period - Wrist shot by Tomas Tatar.
19:32 of 3rd period - Goal by Tomas Tatar - Avalanche : 2 - Bruins : 3.
19:33 of 3rd period - Bryan Little wins face-off versus Henrik Sedin in neutral zone.
19:36 of 3rd period - Avalanche, Semyon Varlamov is pulled from the net.
19:36 of 3rd period - Wrist shot by Mikkel Boedker.
19:36 of 3rd period - Stopped by Kevin Poulin with a rebound.
19:56 of 3rd period - Snap shot by Zack Kassian.
19:56 of 3rd period - Shot Blocked by Jack Johnson.
19:58 of 3rd period - Snap shot by Brendan Smith.
19:58 of 3rd period - Goal by Brendan Smith - Avalanche : 2 - Bruins : 4.
19:58 of 3rd period - Semyon Varlamov from Avalanche was sent back in the game.
19:59 of 3rd period - Charlie Coyle wins face-off versus Casey Cizikas in neutral zone.
Goals for this period are 1 for Avalanche vs 3 for Bruins.
Shots for this period are 12 for Avalanche vs 10 for Bruins.
Output by the SimonT Hockey Simulator (STHS) for Francois Prevost